 Dungeon Crawl Stone Soup version 0.32-a0-422-g28b100f618 (webtiles) character file.

Game seed: 14455766528169121333

63 Alarak the Sneak (level 3, -5/19 HPs)
             Began as a Vampire Enchanter on Feb 22, 2024.
             Slain by Natasha (7 damage)
             ... on level 2 of the Dungeon.
             The game lasted 00:07:23 (1520 turns).

Alarak the Sneak (Vampire Enchanter)                Turns: 1520, Time: 00:07:24

Health: -5/19      AC:  2    Str:  7    XL:     3   Next: 89%
Magic:  2/6        EV: 12    Int: 23    God:
Gold:   84         SH:  0    Dex: 16    Spells: 4/6 levels left

rFire   . . .        k - +0 dagger (speed)
rCold   + + .        (no shield)
rNeg    + + +        b - +0 robe
rPois   ∞            (no helmet)
rElec   .            (no cloak)
rCorr   .            (no gloves)
SInv    +            (no boots)
Will    .....        (no amulet)
Stlth   +++++        n - +6 ring of intelligence
HPRegen 0.00/turn    (no ring)
MPRegen 0.10/turn

%: no passive effects
@: bloodless, inhibited regen, invisible
A: bloodless, fangs 3, see invisible, vampiric 2
a: Bat Form, Revivify


You were on level 2 of the Dungeon.
You visited 1 branch of the dungeon, and saw 2 of its levels.

You collected 84 gold pieces.

Inventory:

Hand Weapons
 a - a +1 dagger
 k - a +0 dagger of speed (weapon)
 m - a +1 dagger of draining
Armour
 b - a +0 robe (worn)
Jewellery
 n - a +6 ring of intelligence (left hand)
Scrolls
 e - a scroll of amnesia {unknown}
 f - a scroll of immolation {unknown}
 o - a scroll of enchant weapon {unknown}
Potions
 c - a potion of invisibility
 d - a potion of lignification {unknown}
 g - a potion of attraction {unknown}
 h - a potion of magic {unknown}
 i - 2 potions of berserk rage {unknown}
 j - a potion of mutation {unknown}
 l - a potion of heal wounds {unknown}


   Skills:
 + Level 2.5 Short Blades
 - Level 2.1 Dodging
 - Level 6.0 Stealth
 - Level 2.0 Spellcasting
 - Level 5.1 Hexes


You had 4 spell levels left.
You knew the following spells:

 Your Spells              Type           Power      Damage    Failure   Level
a - Ensorcelled Hibernat  Hex/Ice        28%        N/A       7%          2

Your spell library contained the following spells:

 Spells                   Type           Power      Damage    Failure   Level
 Confusing Touch          Hex            25%        N/A       4%          3
 Tukima's Dance           Hex            25%        N/A       4%          3
 Dazzling Flash           Conj/Hex       28%        N/A       14%         3


Dungeon Overview and Level Annotations

Branches:
Dungeon (2/15)

Altars:

Annotations:
D:2 Natasha


Innate Abilities, Weirdness & Mutations

You do not regenerate when monsters are visible.
You are frail without blood (-20% HP).
You can heal yourself when you bite living creatures.
You are immune to poison.
You have razor-sharp teeth.
You have supernaturally acute eyesight. (SInv)
You are afflicted with vampirism and can become a bat while bloodless.


Message History

Confirm with . or Enter, or press ? or * to list all spells.
Aiming: Ensorcelled Hibernation (safe; 7% risk of failure)
Press: ? - help, Shift-Dir - straight line, f/p - Natasha
Aim: Natasha (lightly wounded, chance to affect: 48%) Natasha resists with some effort.
Natasha misses you.
Casting: Ensorcelled Hibernation (safe; 7% risk of failure)
Confirm with . or Enter, or press ? or * to list all spells.
Aiming: Ensorcelled Hibernation (safe; 7% risk of failure)
Press: ? - help, Shift-Dir - straight line, f/p - Natasha
Aim: Natasha (lightly wounded, chance to affect: 48%) Natasha resists with some effort.
Natasha closely misses you.
You hit Natasha.
Natasha is moderately wounded.
Natasha completely misses you.
You hit Natasha but do no damage.
Natasha is moderately wounded.
You hit Natasha.
Natasha is moderately wounded.
Natasha claws you!
You barely miss Natasha. Your bite misses Natasha.
Natasha is moderately wounded.
You hit Natasha but do no damage.
Natasha is moderately wounded.
Natasha claws you.
You hit Natasha but do no damage.
Natasha is moderately wounded.
Natasha claws you.
* * * LOW HITPOINT WARNING * * *
Natasha attacks as she pursues you! Natasha claws you but does no damage.
Natasha mumbles some strange words.
Natasha casts a spell at you. You resist with some effort.
Natasha attacks as she pursues you! Natasha claws you.
* * * LOW HITPOINT WARNING * * *
You fade into invisibility!
The cerulean imp misses you. Natasha barely misses you.
Natasha mumbles some strange words.
Natasha attacks as she pursues you! Natasha claws you!
You die...
Natasha curls up and begins to purr.

#. #.# #†#....# #......##
#.#####.# ####.#...######.......
........# #...............###.##
........####...............###...
................#...#####..##..#.
........#####.#..................
........# #.###>#.#########..#.
........#####.###.#.# #..#.
..<.............@...# #..#.
###.###.#########h#.# #..#. #.#
#.#########.#.# ######..#. #.#
#.##...55...#.####......>#. #.#
#.##.######................ #.#
#.##.# #.#......#####.## #.#
#.##.# #.#####.## #.## #.# #.##5#
#.......# #.## #.# #.##.#
######### #...


You could see Natasha.

Vanquished Creatures
  Robin (D:2)
  A ribbon worm (D:2)
  4 bats
  A giant cockroach (D:1)
  11 goblins
  2 hobgoblins
  4 kobolds
  2 ball pythons
  2 frilled lizards
28 creatures vanquished.

Notes
Turn   | Place    | Note
-------+----------+-------------------------------------------
     0 | D:1      | Alarak the Vampire Enchanter began the quest for the Orb.
     0 | D:1      | Reached XP level 1. HP: 13/13 MP: 3/3
   139 | D:1      | Reached skill level 5 in Stealth
   203 | D:1      | Reached XP level 2. HP: 4/15 MP: 5/5
   328 | D:1      | Reached skill level 6 in Stealth
   355 | D:1      | Learned a level 2 spell: Ensorcelled Hibernation
   974 | D:2      | Gained mutation: You are afflicted with vampirism and can
                  | become a bat while bloodless. [Vampire growth]
   974 | D:2      | Reached XP level 3. HP: 15/19 MP: 2/6
  1017 | D:2      | Reached skill level 5 in Hexes
  1286 | D:2      | Noticed Robin
  1434 | D:2      | Killed Robin
  1492 | D:2      | Noticed Natasha
  1520 | D:2      | Slain by Natasha

Illustrated notes

Levels and vault maps discovered:
D:1:      dpeg_arrival_central, layout_basic, chequers_serial_rivers_room_b
D:2:      layout_loops_ring, ebering_ecumenical_altar_sacrificial, uniq_robin,
          uniq_natasha

Skill      XL: |  1  2  3 |
---------------+----------+-----
Stealth        | 5 6 |  6.0
Hexes          | 5 |  5.1
Short Blades   | 2 |  2.5
Dodging        | |  2.1
Spellcasting   | |  2.0

Action                     || total
---------------------------++-------
  Melee: Dagger            ||    72
         Bite              ||     5
   Cast: Ensorcelled Hiber ||    13
Ability: Exsanguinate      ||     1
    Use: Potion            ||     1
   Stab: Sleeping          ||    13
 Armour: Robe              ||    35
  Dodge: Dodged            ||    42

Table legend: (Time is in decaauts)
 A = Elapsed time spent in this place.
 B = Non-inter-level travel time spent in this place.
 C = Inter-level travel time spent in this place.
 D = Time resting spent in this place.
 E = Time spent auto-exploring this place.
 F = Levels seen in this place.
 G = Mean time per level.
                   A        B        C        D        E       F      G
               +--------+--------+--------+--------+--------+-----+--------+
         Total |   1505 |   1444 |     61 |    261 |    927 |   2 |  752.5 |
       Dungeon |   1505 |   1444 |     61 |    261 |    927 |   2 |  752.5 |
               +--------+--------+--------+--------+--------+-----+--------+

Top non-repeatable levels by time:
     D:1: 937 daAuts
     D:2: 568 daAuts
